 Dungeon Crawl Stone Soup version 0.32-a0-141-g04fe69798e (webtiles) character file.

Game seed: 377656854867911170

716 Eptagon the Covert (level 7, 0/60 HPs)
             Began as a Gnoll Delver on Feb 11, 2024.
             Slain by a centaur (4 damage)
             ... on level 5 of the Dungeon.
             The game lasted 00:08:38 (4795 turns).

Eptagon the Covert (Gnoll Delver)                   Turns: 4795, Time: 00:08:39

Health: 0/60       AC: 13    Str: 14    XL:     7   Next: 69%
Magic:  11/11      EV:  4    Int:  9    God:
Gold:   172        SH:  4    Dex: 13    Spells: 11/11 levels left

rFire   + . .        a - +0 war axe
rCold   . . .        z - +0 buckler
rNeg    . . .        t - +0 plate armour
rPois   +            w - +0 helmet
rElec   .            (no cloak)
rCorr   .            (no gloves)
SInv    .            k - +0 pair of boots
Will    .....        (no amulet) Stlth
                     o - ring of poison resistance
HPRegen 0.30/turn    s - ring of protection from fire
MPRegen 0.12/turn

%: no passive effects
@: no status effects
A: fangs 1, strong nose, distributed training
a: no special abilities


You were on level 5 of the Dungeon.
You visited 1 branch of the dungeon, and saw 5 of its levels.

You collected 194 gold pieces.
You spent 22 gold pieces at shops.

Inventory:

Hand Weapons
 a - a +0 war axe (weapon)
 b - a +0 sling
Missiles
 n - 6 poisoned darts (quivered)
Armour
 k - a +0 pair of boots (worn)
 t - a +0 plate armour (worn)
 w - a +0 helmet (worn)
 z - a +0 buckler (worn)
Jewellery
 o - a ring of poison resistance (left hand)
 s - a ring of protection from fire (right hand)
 y - a ring of willpower
Wands
 g - a wand of digging (3)
 j - a wand of charming (12)
 v - a wand of iceblast (9)
Scrolls
 c - a scroll of fog
 d - 3 scrolls of revelation
 e - 2 scrolls of fear
 l - a scroll of poison {unknown}
 q - a scroll of blinking {unknown}
 u - a scroll of torment {unknown}
 A - a scroll of identify
Potions
 f - 4 potions of haste
 h - a potion of brilliance {unknown}
 i - 2 potions of berserk rage
 m - 2 potions of heal wounds
 p - 2 potions of curing {unknown}
 r - a potion of mutation
 x - 2 potions of lignification {unknown}


   Skills:
 + Level 7.1 Fighting
 + Level 2.7 Short Blades
 + Level 2.7 Long Blades
 + Level 5.4 Axes
 + Level 2.7 Maces & Flails
 + Level 2.7 Polearms
 + Level 2.7 Staves
 + Level 2.7 Ranged Weapons
 + Level 2.7 Throwing
 + Level 2.7 Armour
 + Level 5.4 Dodging
 + Level 10.0 Stealth
 + Level 2.7 Shields
 + Level 2.7 Unarmed Combat
 + Level 2.7 Spellcasting
 + Level 2.2 Conjurations
 + Level 2.2 Hexes
 + Level 2.2 Summonings
 + Level 2.2 Necromancy
 + Level 2.2 Translocations
 + Level 2.2 Fire Magic
 + Level 2.2 Ice Magic
 + Level 2.2 Air Magic
 + Level 2.2 Earth Magic
 + Level 2.2 Alchemy
 + Level 3.0 Invocations
 + Level 2.7 Evocations
 + Level 2.5 Shapeshifting


You had 11 spell levels left.
You didn't know any spells.
Your spell library contained the following spells:

 Spells                   Type           Power      Damage    Failure   Level
 Necrotise                Necr           20%        1d5       100%        1
 Vampiric Draining        Necr           5%         2d6       100%        3
 Martyr's Knell           Necr/Summ      5%         N/A       100%        4
 Curse of Agony           Necr           5%         N/A       100%        5


Dungeon Overview and Level Annotations

Branches:
Dungeon (5/15)
 Temple: D:4-7

Altars:
Kikubaaqudgha

Shops:
D:2 *

Annotations:
D:5 2 transporters, Gladio's ghost, novice DsSh


Innate Abilities, Weirdness & Mutations

You have very sharp teeth.
Your uncanny sense of smell can sniff out nearby items.
Your experience applies equally to all skills.


Message History

It bursts into flame!
The centaur shoots an arrow.
The arrow hits you.
The iguana bites you but does no damage.
The adder bites you but does no damage.
The centaur shoots an arrow.
The arrow hits you.
The iguana bites you but does no damage.
You hit the iguana.
The iguana is heavily wounded.
You miss the adder. The adder bites you but does no damage.
The centaur shoots an arrow.
The arrow hits you! The arrow burns you.
The adder bites you but does no damage. The iguana bites you.
The centaur shoots an arrow.
The arrow hits you.
You are too injured to fight recklessly!
The adder attacks as it pursues you! The adder barely misses you.
The centaur shoots an arrow.
The arrow hits you!
* * * LOW HITPOINT WARNING * * *
The arrow burns you.
* * * LOW HITPOINT WARNING * * *
The centaur unwields a +0 orcbow of flaming.
It stops flaming.
The centaur hits you but does no damage.
The centaur barely misses you. The adder attacks as it pursues you!
The adder bites you but does no damage. The iguana attacks as it pursues you!
The iguana bites you but does no damage.
You slash the adder!
The adder is severely wounded.
You hit the iguana but do no damage. You hit the centaur but do no damage.
The centaur hits you but does no damage.
The centaur kicks you but does no damage.
The adder bites you but does no damage. You block the centaur's attack.
The centaur kicks you but does no damage.
The adder bites you but does no damage. You block the iguana's attack.
You hit the iguana.
The iguana is severely wounded.
You closely miss the adder. You hit the centaur but do no damage.
The centaur barely misses you.
The centaur kicks you but does no damage.
The adder barely misses you. The iguana bites you!
* * * LOW HITPOINT WARNING * * *
The centaur hits you.
You die...

.#.##..
#.....#...........##
##.. ...
#.............#..###
##.. ##
##..........#..#.##
..
##..#..##..###.....#
..#
.......†....#.....#
....####..##....##
##.. #..####..##
##c###..# ####
#..@...## ##.Sl.##
###..# #..# ...##
...... ........
...#....# ∆...#..###


You could see a centaur, an iguana and an adder.

Vanquished Creatures
  A bullfrog (D:5)
  A gnoll sergeant (D:4)
  3 jellies
  An orc priest (D:3)
  2 bombardier beetles (D:4)
  2 hounds (D:5)
  2 iguanas (D:5)
  Ijyb (D:3)
  4 gnolls (D:4)
  11 adders
  4 dart slugs
  2 ribbon worms (D:3)
  7 orcs
  8 ball pythons
  6 bats
  5 endoplasms
  2 giant cockroaches (D:1)
  9 goblins
  4 hobgoblins
  9 jackals
  3 quokkas
  6 frilled lizards
  6 kobolds
  3 rats
102 creatures vanquished.

Vanquished Creatures (collateral kills)
  An orc priest (D:4)
  A gnoll (D:4)
2 creatures vanquished.

Vanquished Creatures (others)
  An orc wizard (D:3)
1 creature vanquished.

Grand Total: 105 creatures vanquished

Notes
Turn   | Place    | Note
-------+----------+-------------------------------------------
     0 | D:5      | Reached skill level 9 in Stealth
     0 | D:5      | Eptagon the Gnoll Delver began the quest for the Orb.
     0 | D:5      | Reached XP level 1. HP: 23/23 MP: 1/1
     0 | D:5      | Noticed a quasit
     5 | D:5      | Found a transporter.
     8 | D:5      | Noticed a quasit
     8 | D:5      | Noticed Gladio's ghost (novice DsSh)
    14 | D:5      | Noticed an iguana
    15 | D:5      | Noticed a bombardier beetle
    21 | D:5      | Noticed an ice beast
   160 | D:4      | Noticed a jelly
   189 | D:3      | Reached XP level 2. HP: 29/29 MP: 2/2
   315 | D:1      | Reached XP level 3. HP: 35/35 MP: 3/3
   401 | D:1      | Reached skill level 1 in Invocations
   518 | D:1      | Reached skill level 1 in Short Blades
   518 | D:1      | Reached skill level 1 in Long Blades
   518 | D:1      | Reached skill level 1 in Maces & Flails
   518 | D:1      | Reached skill level 1 in Polearms
   518 | D:1      | Reached skill level 1 in Staves
   518 | D:1      | Reached skill level 1 in Ranged Weapons
   518 | D:1      | Reached skill level 1 in Throwing
   518 | D:1      | Reached skill level 1 in Armour
   518 | D:1      | Reached skill level 1 in Shields
   518 | D:1      | Reached skill level 1 in Unarmed Combat
   518 | D:1      | Reached skill level 1 in Spellcasting
   518 | D:1      | Reached skill level 1 in Evocations
   793 | D:1      | Reached skill level 1 in Shapeshifting
   793 | D:1      | Reached XP level 4. HP: 41/41 MP: 5/5
  1474 | D:2      | Reached skill level 1 in Conjurations
  1474 | D:2      | Reached skill level 1 in Hexes
  1474 | D:2      | Reached skill level 1 in Summonings
  1474 | D:2      | Reached skill level 1 in Necromancy
  1474 | D:2      | Reached skill level 1 in Translocations
  1474 | D:2      | Reached skill level 1 in Fire Magic
  1474 | D:2      | Reached skill level 1 in Ice Magic
  1474 | D:2      | Reached skill level 1 in Air Magic
  1474 | D:2      | Reached skill level 1 in Earth Magic
  1474 | D:2      | Reached skill level 1 in Alchemy
  1565 | D:2      | Found Syzihe's General Store.
  1572 | D:2      | Bought a scroll of identify for 22 gold pieces
  1749 | D:2      | Reached XP level 5. HP: 47/47 MP: 7/7
  2425 | D:3      | Noticed Ijyb
  2474 | D:3      | Killed Ijyb
  2831 | D:3      | HP: 2/47 [orc/+0 flail (1)]
  3144 | D:4      | Reached XP level 6. HP: 32/53 MP: 8/8
  3340 | D:4      | Reached skill level 5 in Axes
  3340 | D:4      | Reached skill level 5 in Dodging
  4014 | D:4      | Found an ancient bone altar of Kikubaaqudgha.
  4169 | D:4      | Reached XP level 7. HP: 26/60 MP: 10/10
  4663 | D:5      | Found a transporter.
  4688 | D:5      | Reached skill level 10 in Stealth
  4795 | D:5      | Slain by a centaur

Illustrated notes

Levels and vault maps discovered:
D:1:      scummos_arrival_hexagon, layout_basic, serial_forest,
          infiniplex_forest_lined_3, infiniplex_forest_zigzag_2,
          infiniplex_forest_lined_corner, infiniplex_forest_zigzag_2,
          infiniplex_forest_clump_curved, infiniplex_forest_lined_corner,
          infiniplex_forest_clump_long
D:2:      layout_basic, serial_shops, shop
D:3:      layout_basic, uniq_ijyb
D:4:      layout_basic, mainiacjoe_overflow_alcove_1, serial_glass,
          glass_columns_b, glass_columns_c, glass_columns_b, glass_columns_b,
          st_stairs_9, grunt_decor_fettered, lightli_minifort
D:5:      layout_cave_pools, gammafunk_ghost_stat_death

Skill      XL: |  1  2  3  4  5  6  7 |
---------------+----------------------+-----
Stealth        | 10 | 10.0
Invocations    | 1 2 3 |  3.0
Short Blades   | 1 2 |  2.7
Long Blades    | 1 2 |  2.7
Maces & Flails | 1 2 |  2.7
Polearms       | 1 2 |  2.7
Staves         | 1 2 |  2.7
Ranged Weapons | 1 2 |  2.7
Throwing       | 1 2 |  2.7
Armour         | 1 2 |  2.7
Shields        | 1 2 |  2.7
Unarmed Combat | 1 2 |  2.7
Spellcasting   | 1 2 |  2.7
Evocations     | 1 2 |  2.7
Shapeshifting  | 1 2 |  2.5
Conjurations   | 1 2 |  2.2
Hexes          | 1 2 |  2.2
Summonings     | 1 2 |  2.2
Necromancy     | 1 2 |  2.2
Translocations | 1 2 |  2.2
Fire Magic     | 1 2 |  2.2
Ice Magic      | 1 2 |  2.2
Air Magic      | 1 2 |  2.2
Earth Magic    | 1 2 |  2.2
Alchemy        | 1 2 |  2.2
Axes           | 5 |  5.4
Dodging        | 5 |  5.4
Fighting       | 7 |  7.1

Action                     |  1- 3 |  4- 6 |  7- 9 || total
---------------------------+-------+-------+-------++-------
  Melee: Hand axe          |   102 |   231 |       ||   333
         Punch             |     5 |    15 |     1 ||    21
         Bite              |     3 |    31 |     6 ||    40
         War axe           |       |    42 |    57 ||    99
   Fire: Sling             |       |    29 |       ||    29
  Evoke: Wand              |       |     7 |       ||     7
    Use: Scroll            |       |     3 |       ||     3
   Stab: Sleeping          |     8 |     1 |       ||     9
         Distracted        |       |     1 |       ||     1
         Betrayed ally     |       |     1 |       ||     1
 Armour: Leather armour    |    15 |       |       ||    15
         Scale mail        |    44 |    30 |       ||    74
         Plate armour      |       |   237 |    85 ||   322
  Dodge: Dodged            |    60 |    82 |    14 ||   156
  Block: Buckler           |       |       |    13 ||    13

Table legend: (Time is in decaauts)
 A = Elapsed time spent in this place.
 B = Non-inter-level travel time spent in this place.
 C = Inter-level travel time spent in this place.
 D = Time resting spent in this place.
 E = Time spent auto-exploring this place.
 F = Levels seen in this place.
 G = Mean time per level.
                   A        B        C        D        E       F      G
               +--------+--------+--------+--------+--------+-----+--------+
         Total |   4852 |   4538 |    314 |     35 |   3463 |   5 |  970.4 |
       Dungeon |   4852 |   4538 |    314 |     35 |   3463 |   5 |  970.4 |
               +--------+--------+--------+--------+--------+-----+--------+

Top non-repeatable levels by time:
     D:4: 1636 daAuts
     D:3: 1046 daAuts
     D:2: 996 daAuts
     D:1: 930 daAuts
     D:5: 243 daAuts
